 Dungeon Crawl Stone Soup version 0.30-a0-996-ga6910c8ee8 (webtiles) character file.

Game seed: 16390639321362948046

4 DeathPants the Slasher (level 1, -2/11 HPs)
             Began as a Vine Stalker Monk on Apr 4, 2023.
             Slain by a kobold
             ... wielding a +0 club
              (3 damage)
             ... on level 1 of the Dungeon.
             The game lasted 00:00:48 (120 turns).

DeathPants the Slasher (Vine Stalker Monk)           Turns: 120, Time: 00:00:48

Health: -2/11      AC:  2    Str: 13    XL:     1   Next: 70%
Magic:  0/2        EV: 12    Int: 10    God:
Gold:   0          SH:  0    Dex: 16    Spells: 0/0 levels left

rFire   . . .      SeeInvis .    a - +0 falchion
rCold   . . .      Faith    .    (no shield)
rNeg    . . .      Spirit   +    b - +0 robe
rPois   .          Reflect  .    (no helmet)
rElec   .          Rampage  .    (no cloak)
rCorr   .                        (no gloves)
Will    .....                    (no boots)
Stlth   ++                       (no amulet)
HPRegen 0.21/turn                (no ring)
MPRegen 0.08/turn                (no ring)

@: no status effects
A: fangs 2, magic shield, antimagic bite, no potion heal 2
a: no special abilities


You were on level 1 of the Dungeon.
You visited 1 branch of the dungeon, and saw 1 of its levels.

Inventory:

Hand Weapons
 a - a +0 falchion (weapon)
Armour
 b - a +0 robe (worn)
Scrolls
 d - 3 scrolls of magic mapping {unknown}
Potions
 c - a potion of ambrosia


   Skills:
 + Level 2.7 Fighting
 * Level 2.8 Long Blades
 + Level 2.5 Dodging
 - Level 2.4 Stealth


You couldn't memorise any spells.
You didn't know any spells.
Your spell library was empty.

Dungeon Overview and Level Annotations

Branches:
Dungeon (1/15)

Altars:


Innate Abilities, Weirdness & Mutations

You have extremely sharp teeth.
When hurt, damage is shared between your health and your magic reserves.
Your bite disrupts and absorbs the magic of your enemies.
Potions cannot restore your health.


Message History

You barely miss the quokka. Your bite misses the quokka.
The quokka is moderately wounded.
The quokka closely misses you. x2
You slash the quokka!
You kill the quokka!
You see here a quokka corpse.
Magic restored.
HP restored.
A goblin comes into view. It is wielding a +0 club.
A quokka comes into view.
The goblin shouts!
You hear a shout!
You slash the goblin!
You kill the goblin!
The quokka closely misses you. The quokka bites you.
Found a scroll labelled WIH DYOSOCENN.
The quokka barely misses you.
Things that are here:
a +0 club; a goblin corpse The quokka barely misses you.
You closely miss the quokka. The quokka bites you.
A kobold comes into view. It is wielding a +0 club.
The quokka bites you.
You hit the quokka. Your bite misses the quokka.
The quokka is heavily wounded.
The quokka bites you but does no damage.
You closely miss the quokka.
The quokka is heavily wounded.
The quokka bites you.
* * * LOW HITPOINT WARNING * * *
The kobold hits you with a +0 club.
* * * LOW HITPOINT WARNING * * *
The quokka bites you.
You slash the quokka!
You kill the quokka!
The kobold closely misses you.
You closely miss the kobold. Your bite misses the kobold.
The kobold barely misses you.
You hit the kobold. Your bite misses the kobold.
The kobold is severely wounded.
The kobold hits you with a +0 club.
You die...

##### ## ##.#.# #.#
#....# . ##.. ##.#..# ..
... #.#...##### ... .#
#.....#... .... .#
####.#...#..####.....
####.#..######..@K......
###.#..## #.....).......
##....#####.#####.......
(#..###.....# .......
.#.###....†## ?......
..#.##.....# .......
.#.###.....# .......
#...##.....# ..#####
##...#...†.# #.#


You could see a kobold.

Vanquished Creatures
  A goblin (D:1)
  2 quokkas (D:1)
  A rat (D:1)
4 creatures vanquished.

Notes
Turn   | Place    | Note
-------+----------+-------------------------------------------
     0 | D:1      | DeathPants the Vine Stalker Monk began the quest for the
                  | Orb.
     0 | D:1      | Reached XP level 1. HP: 11/11 MP: 2/2
   120 | D:1      | Slain by a kobold

Illustrated notes

Levels and vault maps discovered:
D:1:      lemuel_arrival_tunnels, layout_rooms, basic_ecumenical_altar

Action                     || total
---------------------------++-------
  Melee: Falchion          ||    14
         Bite              ||     2
 Armour: Robe              ||     1
  Dodge: Dodged            ||    12

Table legend: (Time is in decaauts)
 A = Elapsed time spent in this place.
 B = Non-inter-level travel time spent in this place.
 C = Inter-level travel time spent in this place.
 D = Time resting spent in this place.
 E = Time spent auto-exploring this place.
 F = Levels seen in this place.
 G = Mean time per level.
                   A        B        C        D        E       F      G
               +--------+--------+--------+--------+--------+-----+--------+
         Total |    122 |    122 |      0 |      0 |     85 |   1 |  122.0 |
       Dungeon |    122 |    122 |      0 |      0 |     85 |   1 |  122.0 |
               +--------+--------+--------+--------+--------+-----+--------+

Top non-repeatable levels by time:
     D:1: 122 daAuts
